[Event "Titled Tuesday Blitz May 30 Late 2023"]
[White "Sadilek, Peter"]
[Black "Martic, Ivan"]
[WhiteFideId "1616439"]
[BlackFideId "929301"]
[WhiteElo "2227"]
[BlackElo "2360"]
[Result "1/2-1/2"]
[Round "03"]
[TimeControl "180+2"]
[Date "2023.05.31"]
[WhiteClock "0:00:04"]
[BlackClock "0:00:13"]

1. Nf3 Nf6 2. c4 g6 3. d4 Bg7 4. Nc3 O-O 5. e4 d6 6. Be2 e5 7. d5 a5 8. Bg5 h6 9. Be3 Ng4 10. Bd2 f5 11. h3 Nf6 12. exf5 gxf5 13. Qc1 f4 14. g3 e4 15. Nh4 e3 16. fxe3 fxg3 17. Ng6 Re8 18. Rg1 Bf5 19. Rxg3 Na6 20. e4 Nxe4 21. Nxe4 Rxe4 22. Bc3 Qe8 23. Nf4 Re7 24. Ne6 Bxe6 25. Qxh6 Bg4 26. Rxg4 Rxe2+ 27. Kd1 Re1+ 28. Bxe1 Qf7 29. Bc3 Qf3+ 30. Kc2 Nb4+ 31. Kb3 a4+ 32. Kxb4 c5+ 33. dxc6 Qxg4 34. hxg4 Bxh6 35. cxb7 Rb8 36. Kxa4 Rxb7 37. b4 Rc7 38. Kb3 Rf7 39. Rd1 Rf3 40. Rxd6 Bg7 41. Rd8+ Kh7 42. Rd7 Rxc3+ 43. Ka4 Rxc4 44. Kb5 Rxg4 45. a4 Kg6 46. Rd6+ Kf7 47. Rb6 Bd4 48. Rb7+ Ke6 49. a5 Kd6 50. a6 Rg5+ 51. Kc4 Bg1 52. a7 Bxa7 53. Rxa7 Kc6 54. Ra6+ Kb7 55. Re6 Rg4+ 56. Kb5 Rg5+ 57. Ka4 Rh5 58. b5 Rg5 59. Ka5 Rg1 60. Re7+ Kb8 61. Ka6 Kc8 62. Rf7 Ra1+ 63. Kb6 Rh1 64. Rf8+ Kd7 65. Kb7 Rh7 66. b6 Kd6+ 67. Kc8 Kc5 68. Rf6 Rh8+ 69. Kb7 Rh7+ 70. Ka6 Rh1 71. Rf5+ Kc6 72. Ra5 Rh7 73. b7 Rxb7 74. Rc5+ Kxc5 75. Kxb7 1/2-1/2


[Site "https://www.chess.com"]

[Event "Titled Tuesday Blitz May 30 Late 2023"]
[White "Sliwicki, Damian"]
[Black "Bayo Milagro, Alvaro"]
[WhiteFideId "1127128"]
[BlackFideId "22275240"]
[WhiteElo "2030"]
[BlackElo "2270"]
[Result "1/2-1/2"]
[Round "03"]
[TimeControl "180+2"]
[Date "2023.05.31"]
[WhiteClock "0:00:21"]
[BlackClock "0:00:12"]

1. e4 e5 2. d4 exd4 3. Nf3 Nc6 4. Bc4 Nf6 5. O-O Nxe4 6. Re1 d5 7. Bxd5 Qxd5 8. Nc3 Qh5 9. Nxe4 Be6 10. Bg5 Bd6 11. Nxd6+ cxd6 12. Bf4 Qd5 13. c3 Qf5 14. Bxd6 O-O-O 15. Bg3 dxc3 16. Qc1 c2 17. Qe3 Rd7 18. Rac1 Rhd8 19. Nh4 Qa5 20. Rxc2 Qxe1+ 21. Qxe1 Rd1 22. Kf1 Bxa2 23. b4 Bb3 24. Rc3 Ba4 25. Qxd1 Rxd1+ 26. Ke2 Rb1 27. Nf5 Rxb4 28. Nd6+ Kd7 29. Nxf7 Bb5+ 30. Kd2 a5 31. Ne5+ Nxe5 32. Bxe5 g6 33. Rc7+ Ke6 34. Bc3 Ra4 35. Rxb7 Bc6 36. Ra7 Bxg2 37. Rxa5 Rxa5 38. Bxa5 Kf5 39. Ke3 Kg4 40. Bc7 g5 41. Bg3 h5 42. Bc7 Ba8 43. Bd8 Kf5 44. h4 gxh4 45. Bxh4 Kg4 46. Bd8 h4 47. f3+ Kg3 48. Bxh4+ Kxh4 49. Kf4 Bxf3 1/2-1/2


[Site "https://www.chess.com"]

[Event "Titled Tuesday Blitz May 30 Late 2023"]
[White "ATM622"]
[Black "Rangel, Daniel"]
[BlackFideId "2124475"]
[WhiteElo "2565"]
[BlackElo "2256"]
[Result "0-1"]
[Round "03"]
[TimeControl "180+2"]
[Date "2023.05.31"]
[WhiteClock "0:00:02"]
[BlackClock "0:00:12"]

1. d4 Nf6 2. c4 e6 3. g3 d5 4. Bg2 Be7 5. Nf3 O-O 6. O-O a5 7. Nbd2 c6 8. Qc2 b6 9. e4 Ba6 10. b3 b5 11. e5 Nfd7 12. c5 b4 13. Rd1 f6 14. Bh3 fxe5 15. Bxe6+ Kh8 16. Nxe5 Nxe5 17. dxe5 Nd7 18. Bf5 Bxc5 19. Ne4 Ba7 20. Ng5 Nxe5 21. Bf4 h6 22. Ne6 Qf6 23. Nxf8 Rxf8 24. Bxe5 Qxe5 25. g4 Bb8 26. Rd3 Qxh2+ 27. Kf1 Qh1+ 28. Ke2 Qxa1 29. Qxc6 Bxd3+ 30. Kxd3 Qf6 31. Qd7 Bf4 32. Ke2 Bg5 33. f4 Bh4 34. Qxd5 Re8+ 35. Kd3 Qc3# 0-1


[Site "https://www.chess.com"]

[Event "Titled Tuesday Blitz May 30 Late 2023"]
[White "Taboas Rodriguez, Daniel"]
[Black "Urbina Perez, Juan Antonio"]
[WhiteFideId "2208466"]
[BlackFideId "2217368"]
[WhiteElo "2365"]
[BlackElo "2197"]
[Result "1-0"]
[Round "03"]
[TimeControl "180+2"]
[Date "2023.05.31"]
[WhiteClock "0:01:51"]
[BlackClock "0:01:12"]

1. d4 d5 2. Nf3 Nf6 3. c4 c6 4. cxd5 cxd5 5. Nc3 Nc6 6. Bf4 a6 7. Rc1 Bf5 8. e3 e6 9. Qb3 Na5 10. Qa4+ Nc6 11. Ne5 Rc8 12. Nxc6 Rxc6 13. Bxa6 Nd7 14. Bb5 Rc8 15. O-O f6 16. Nxd5 Rxc1 17. Rxc1 exd5 18. Rc7 g5 19. Bg3 h5 20. h3 Rh7 21. Rxb7 g4 22. h4 Bh6 23. Rb8 Qxb8 24. Bxb8 Kf8 25. Bd6+ Kg8 26. Qa8+ Nf8 27. Qxd5+ 1-0


[Site "https://www.chess.com"]

[Event "Titled Tuesday Blitz May 30 Late 2023"]
[White "Mathieu, Phileas"]
[Black "Becerra, Juan David"]
[WhiteFideId "36048410"]
[BlackFideId "4404998"]
[WhiteElo "2241"]
[BlackElo "2304"]
[Result "1-0"]
[Round "03"]
[TimeControl "180+2"]
[Date "2023.05.31"]
[WhiteClock "0:00:12"]
[BlackClock "0:00:09"]

1. c4 e5 2. Nc3 c6 3. d4 exd4 4. Qxd4 Nf6 5. e4 d6 6. Nf3 Nbd7 7. Bf4 Qa5 8. a3 Qb6 9. Qd2 Nc5 10. Qc2 Bg4 11. b4 Ne6 12. Be3 Qc7 13. Be2 g6 14. Rc1 Bg7 15. O-O O-O 16. Rfd1 Rfe8 17. h3 Bxf3 18. Bxf3 a5 19. b5 Nc5 20. Bf4 Re6 21. Re1 Rae8 22. Rcd1 Qe7 23. Qd2 Bf8 24. Bg5 Qc7 25. Qc2 Nfd7 26. Kf1 Nb6 27. Ne2 Nxe4 28. Be3 Nc5 29. Nd4 R6e7 30. bxc6 Ne4 31. cxb7 Qxb7 32. Nb5 Re6 33. Nc3 f5 34. Nd5 Nxd5 35. cxd5 R6e7 36. Kg1 Bg7 37. Bxe4 Rxe4 38. Qd2 Qe7 39. Kf1 Qf7 40. Bb6 a4 41. Ba5 Rxe1+ 42. Rxe1 Rxe1+ 43. Kxe1 Qf6 44. Bb4 Qa1+ 45. Ke2 Qa2 46. Qxa2 1-0


[Site "https://www.chess.com"]

[Event "Titled Tuesday Blitz May 30 Late 2023"]
[White "Zenin, Dmitry"]
[Black "Thorfinnsson, Bragi"]
[WhiteFideId "4127897"]
[BlackFideId "2300958"]
[WhiteElo "2215"]
[BlackElo "2322"]
[Result "0-1"]
[Round "03"]
[TimeControl "180+2"]
[Date "2023.05.31"]
[WhiteClock "0:00:03"]
[BlackClock "0:00:16"]

1. d4 d5 2. c4 e5 3. dxe5 Ne7 4. Nf3 Nbc6 5. cxd5 Qxd5 6. Qxd5 Nxd5 7. a3 Bg4 8. e4 Nb6 9. Bb5 Bd7 10. Nc3 a6 11. Be2 O-O-O 12. Bf4 Re8 13. h3 h6 14. O-O-O g5 15. Bg3 Bg7 16. Nd5 Nxe5 17. Nxe5 Bxe5 18. Bxe5 Rxe5 19. Nf6 Bc6 20. Bg4+ Kb8 21. Bf5 Nc4 22. g4 Nd6 23. f3 h5 24. Kd2 Nxf5 25. gxf5 Rh6 26. Ng8 Rh8 27. Nf6 Ba4 28. Rc1 Rd8+ 29. Ke3 Rd6 30. Nh7 f6 31. Nf8 Rb6 32. b4 Re7 33. Ne6 Rd6 34. Rc3 Bd7 35. Nc5 Bxf5 36. h4 g4 37. Kf4 Bc8 38. fxg4 hxg4 39. h5 b6 40. Nd3 Rd4 41. Nf2 f5 42. h6 fxe4 43. h7 e3+ 44. Kg3 Rd8 45. h8=Q Rxh8 46. Rxh8 e2 47. Nd3 Re3+ 48. Kf2 e1=Q+ 49. Nxe1 Rxc3 0-1


[Site "https://www.chess.com"]

[Event "Titled Tuesday Blitz May 30 Late 2023"]
[White "Golubev, Mikhail"]
[Black "Lalanne, Pablo"]
[WhiteFideId "14100983"]
[BlackFideId "112151"]
[WhiteElo "2374"]
[BlackElo "2120"]
[Result "1-0"]
[Round "03"]
[TimeControl "180+2"]
[Date "2023.05.31"]
[WhiteClock "0:00:11"]
[BlackClock "0:00:11"]

1. e4 c5 2. Nf3 d6 3. d4 cxd4 4. Nxd4 Nf6 5. Nc3 Nc6 6. Bc4 Qb6 7. Ndb5 a6 8. Be3 Qa5 9. Nd4 e6 10. O-O Be7 11. Bb3 O-O 12. f4 Qc7 13. Qf3 Bd7 14. f5 Nxd4 15. Bxd4 e5 16. Bf2 Bc6 17. Rae1 b5 18. Bh4 b4 19. Bxf6 Bxf6 20. Nd5 Bxd5 21. Bxd5 Rac8 22. Re2 a5 23. Rd1 Qb6+ 24. Kh1 Rc5 25. Bb3 Qc6 26. Qd3 a4 27. Bd5 Qc7 28. Rf1 Rc8 29. Rff2 a3 30. b3 Rc3 31. Qd1 Qb6 32. g3 h6 33. Kg2 R8c5 34. Rf3 Qc7 35. Rxc3 Rxc3 36. Bc4 Qc5 37. Rd2 Be7 38. Rd3 Rxd3 39. Qxd3 1-0


[Site "https://www.chess.com"]

[Event "Titled Tuesday Blitz May 30 Late 2023"]
[White "Gerbelli Neto, Eduardo"]
[Black "Bilan, Danila"]
[WhiteFideId "2103281"]
[BlackFideId "24161918"]
[WhiteElo "2178"]
[BlackElo "2182"]
[Result "0-1"]
[Round "03"]
[TimeControl "180+2"]
[Date "2023.05.31"]
[WhiteClock "0:00:07"]
[BlackClock "0:00:07"]

1. e4 c6 2. d4 d5 3. exd5 cxd5 4. c4 Nf6 5. Nc3 Nc6 6. Nf3 Bg4 7. cxd5 Nxd5 8. Qb3 Bxf3 9. gxf3 e6 10. Qxb7 Nxd4 11. Bb5+ Nxb5 12. Qc6+ Ke7 13. Qxb5 Qd7 14. Nxd5+ Qxd5 15. Bg5+ f6 16. Qxd5 exd5 17. Be3 Ke6 18. O-O-O Rc8+ 19. Kb1 Bc5 20. Rhe1 Kd6 21. Bf4+ Kc6 22. Re6+ Kd7 23. Ra6 Bxf2 24. Rxd5+ Ke7 25. Bg3 Bg1 26. Rd1 Bb6 27. a4 Rhd8 28. Re1+ Kf7 29. a5 Bd4 30. Rae6 Rd7 31. Rd6 Rxd6 32. Bxd6 Rc6 33. Re7+ Kg6 34. Ba3 h5 35. Rd7 Bg1 36. h3 h4 37. Bf8 Kf5 38. Rxg7 Bf2 39. Rb7 Rc8 40. Bb4 Rg8 41. Bc3 Rg3 42. Rf7 Rxh3 43. Rxf6+ Kg5 44. f4+ Kg4 45. Be5 Rh1+ 46. Ka2 Re1 47. Rg6+ Kf5 48. Rg5+ Ke6 49. Rh5 Bg3 50. Bb8 a6 51. Rh6+ Kf5 52. Rxa6 h3 53. Rh6 h2 54. Rh5+ Kg4 55. Rh8 h1=Q 56. Rxh1 Rxh1 57. a6 Bf2 58. a7 Bxa7 59. Bxa7 Kxf4 60. Bd4 Ke4 61. Bc3 Kd5 62. Kb3 Kc5 63. Kc2 Kc4 64. b3+ Kd5 65. b4 Kc4 66. Bd2 Rh2 67. Kc1 Kb3 68. Kd1 Kc4 69. Kc1 Kd3 70. Bf4 Rc2+ 71. Kb1 Kc3 72. Bd6 Rd2 73. Be5+ Kb3 74. Bf4 Rd1+ 75. Bc1 Kxb4 76. Kc2 Rf1 77. Bd2+ Kc4 78. Ba5 Rf2+ 79. Kd1 Kd3 80. Ke1 Re2+ 81. Kf1 Ke3 82. Bb6+ Kf3 83. Ba5 Ra2 84. Be1 Ra1 85. Kg1 Rxe1+ 86. Kh2 Re4 87. Kh3 Kf2 88. Kh2 Rh4# 0-1


[Site "https://www.chess.com"]

[Event "Titled Tuesday Blitz May 30 Late 2023"]
[White "Perske, Thore"]
[Black "Fernandez Siles, Luis"]
[WhiteFideId "12902195"]
[BlackFideId "2209420"]
[WhiteElo "2336"]
[BlackElo "2195"]
[Result "1-0"]
[Round "03"]
[TimeControl "180+2"]
[Date "2023.05.31"]
[WhiteClock "0:00:23"]
[BlackClock "0:00:23"]

1. d4 Nf6 2. g3 g6 3. Bg2 Bg7 4. e4 d6 5. Nc3 O-O 6. Nge2 Nbd7 7. h3 e5 8. O-O exd4 9. Nxd4 Re8 10. Re1 Nc5 11. g4 a5 12. a4 h5 13. g5 Nfd7 14. Bf4 Ne5 15. b3 Nc6 16. Nxc6 bxc6 17. Qd2 h4 18. Rad1 Ne6 19. Ne2 Nxf4 20. Qxf4 Ba6 21. Qxh4 Rb8 22. Ng3 Rb4 23. Qf4 Bc3 24. Re3 Be5 25. Qf3 c5 26. h4 c4 27. Bf1 Qa8 28. h5 cxb3 29. Bxa6 bxc2 30. Rc1 Rb1 31. Ree1 Qxa6 32. Rxb1 cxb1=Q 33. Rxb1 Bxg3 34. fxg3 Qa7+ 35. Kg2 Qd4 36. Re1 Qd2+ 37. Re2 Qxg5 38. hxg6 Qxg6 39. Kg1 c6 40. Qf4 Re5 41. Re3 Qe6 42. Kg2 d5 43. Kf3 Rxe4 44. Qg5+ Qg6 45. Qxg6+ fxg6 46. Rxe4 dxe4+ 47. Kxe4 Kf7 48. Kd4 Ke6 49. Kc5 Kf5 50. Kb6 Kg4 51. Kxa5 Kxg3 52. Kb4 Kf2 53. a5 g5 54. a6 g4 55. a7 g3 56. a8=Q g2 57. Qf8+ Ke2 58. Qe7+ Kf1 59. Qf6+ Ke2 60. Qe5+ Kf2 61. Qf4+ Ke2 62. Qg3 Kf1 63. Qf3+ Kg1 64. Kc4 Kh2 65. Qh5+ Kg3 66. Qg5+ Kf2 67. Qf4+ Ke2 68. Qg3 1-0


[Site "https://www.chess.com"]

[Event "Titled Tuesday Blitz May 30 Late 2023"]
[White "SergioMoralesG"]
[Black "Qiao, Cindy"]
[BlackFideId "2620243"]
[WhiteElo "2542"]
[BlackElo "1777"]
[Result "0-1"]
[Round "03"]
[TimeControl "180+2"]
[Date "2023.05.31"]
[WhiteClock "0:00:02"]
[BlackClock "0:00:17"]

1. e4 e5 2. Nf3 Nc6 3. Nc3 Nf6 4. h3 d5 5. exd5 Nxd5 6. Bb5 Nxc3 7. bxc3 Bd6 8. O-O O-O 9. Re1 Qf6 10. d4 exd4 11. cxd4 Nb4 12. c3 Nd5 13. Bd3 h6 14. c4 Nf4 15. c5 Nxd3 16. Qxd3 Bf4 17. Bxf4 Qxf4 18. Re7 Be6 19. g3 Qf6 20. Rxc7 Bd5 21. Ne5 Rfe8 22. Rb1 Rad8 23. Qc3 Qf5 24. Rbxb7 Rxe5 25. dxe5 Bxb7 26. c6 Qe4 27. Qb3 Qe1+ 28. Kg2 Qe4+ 29. Kh2 Qf5 30. Qe3 Ba6 31. Rxa7 Bd3 32. c7 Rc8 33. Qd4 Be4 0-1


[Site "https://www.chess.com"]

[Event "Titled Tuesday Blitz May 30 Late 2023"]
[White "Oglaza, Oskar"]
[Black "Poltorak, Sebastian"]
[WhiteFideId "1194402"]
[BlackFideId "1199498"]
[WhiteElo "2204"]
[BlackElo "2195"]
[Result "0-1"]
[Round "03"]
[TimeControl "180+2"]
[Date "2023.05.31"]
[WhiteClock "0:00:15"]
[BlackClock "0:00:07"]

1. e4 Nc6 2. Nc3 e5 3. f4 exf4 4. Nf3 g5 5. Bc4 d6 6. O-O Bg7 7. d4 Bg4 8. Be3 Bxf3 9. Qxf3 Nf6 10. e5 dxe5 11. dxe5 Nxe5 12. Qxb7 fxe3 13. Nb1 Nxc4 14. Qc6+ Nd7 15. Qxc4 O-O 16. Nc3 Nb6 17. Qg4 Qd4 18. Qxg5 e2+ 19. Rf2 Rae8 20. Re1 Nc4 21. Nxe2 Qd2 22. Qxd2 Nxd2 23. Rd1 Ne4 24. Rf4 Nd6 25. Ng3 Re5 26. Rg4 Rfe8 27. c3 Kf8 28. h4 Re1+ 29. Rxe1 Rxe1+ 30. Kf2 Rb1 31. b3 Bxc3 32. Ke3 Rb2 33. Ne2 Bf6 34. Nf4 Rxa2 35. Nd5 Be5 36. Rg5 f6 37. Rh5 Kg7 38. g4 Ra3 39. Nxc7 Rxb3+ 40. Ke2 a5 41. g5 fxg5 42. Rxg5+ Kf6 43. Nd5+ Ke6 44. Nc7+ Kd7 45. Rxe5 Kxc7 46. Rxa5 Rb7 47. Rg5 Kd8 48. Rg8+ Ne8 49. Kf3 Ke7 50. Kg4 Kf7 51. Rg5 Rb6 52. Rd5 Rg6+ 53. Kh3 Nf6 54. Rb5 Rg1 55. Rb7+ Kg6 56. Rb5 h6 57. Rc5 Rd1 58. Re5 Rd3+ 59. Kg2 Rd2+ 60. Kg3 Rd3+ 61. Kg2 Rd4 62. Kg3 Re4 63. Rc5 Rg4+ 64. Kh3 Ra4 65. Re5 Kf7 66. Rf5 Ra3+ 67. Kg2 Ke6 68. Rc5 h5 69. Rb5 Nd5 70. Rc5 Ke5 71. Rc6 Kf5 72. Rd6 Nf4+ 73. Kf2 Kg4 74. Rf6 Rf3+ 75. Kg1 Ne2+ 76. Kh2 Rxf6 77. Kg2 Nd4 78. Kh1 Kg3 79. Kg1 Rf5 80. Kh1 Rf1# 0-1


[Site "https://www.chess.com"]

[Event "Titled Tuesday Blitz May 30 Late 2023"]
[White "Arun, Siddharth"]
[Black "Ozates, Tuna"]
[WhiteFideId "2079178"]
[BlackFideId "6354521"]
[WhiteElo "2356"]
[BlackElo "2151"]
[Result "0-1"]
[Round "03"]
[TimeControl "180+2"]
[Date "2023.05.31"]
[WhiteClock "0:00:34"]
[BlackClock "0:00:54"]

1. d4 f5 2. Nc3 Nf6 3. Bg5 e6 4. e4 fxe4 5. Nxe4 Be7 6. Bxf6 Bxf6 7. c3 O-O 8. Bd3 Qe8 9. Nf3 Nc6 10. Qc2 h6 11. O-O-O Qh5 12. h3 Be7 13. g4 Qa5 14. Nfd2 Qxa2 15. Rhf1 Na5 16. f4 d6 17. g5 Bd7 18. gxh6 Ba4 19. Qb1 Qxb1+ 20. Bxb1 Bxd1 21. hxg7 Kxg7 22. Kxd1 Rh8 23. Rg1+ Kf7 24. Nf3 Rag8 25. Nfg5+ Bxg5 26. Nxg5+ Kf6 27. Ke2 Nc4 28. b3 Nb6 29. c4 Nd7 30. Kf3 c5 31. h4 cxd4 32. h5 e5 33. Bg6 exf4 34. Kxf4 Ne5 35. Ne4+ Ke7 36. Kg5 Nxg6 37. hxg6 Rxg6+ 0-1


[Site "https://www.chess.com"]

[Event "Titled Tuesday Blitz May 30 Late 2023"]
[White "Gheorghiu, Calin"]
[Black "Padalka, Artem"]
[WhiteFideId "1200305"]
[BlackFideId "14118637"]
[WhiteElo "2223"]
[BlackElo "2073"]
[Result "1-0"]
[Round "03"]
[TimeControl "180+2"]
[Date "2023.05.31"]
[WhiteClock "0:01:25"]
[BlackClock "0:00:12"]

1. e4 c5 2. Nf3 d6 3. Bb5+ Bd7 4. a4 g6 5. O-O Bg7 6. Re1 Nc6 7. c3 Nf6 8. h3 O-O 9. d4 a6 10. Bf1 cxd4 11. cxd4 d5 12. e5 Ne4 13. Nh2 f6 14. f3 Ng3 15. e6 Be8 16. Nc3 f5 17. Be3 f4 18. Bf2 Nf5 19. Ne2 g5 20. Ng4 h5 21. Ne5 Nxe5 22. dxe5 Bxe5 23. Nd4 Bxd4 24. Bxd4 Nxd4 25. Qxd4 Bg6 26. Re5 Rc8 27. Rxg5 Kh7 28. Re1 Qc7 29. Bd3 Rf6 30. Bxg6+ Rxg6 31. Rxh5+ Rh6 32. Qxd5 Rxh5 33. Qxh5+ Kg7 34. Re5 Kf6 35. Qg5# 1-0


[Site "https://www.chess.com"]

[Event "Titled Tuesday Blitz May 30 Late 2023"]
[White "Roberz12"]
[Black "Minko, Dmitry"]
[BlackFideId "24188468"]
[WhiteElo "2348"]
[BlackElo "2147"]
[Result "1-0"]
[Round "03"]
[TimeControl "180+2"]
[Date "2023.05.31"]
[WhiteClock "0:00:17"]
[BlackClock "0:00:01"]

1. Nf3 Nf6 2. g3 d5 3. Bg2 e6 4. O-O c5 5. c4 dxc4 6. Na3 Nbd7 7. Nxc4 b5 8. Nce5 Bb7 9. Nxd7 Qxd7 10. b3 Be7 11. Bb2 O-O 12. d3 Rfd8 13. Rc1 Rac8 14. Qd2 Qc6 15. Qg5 h6 16. Qh4 Qb6 17. Rfd1 a5 18. a4 bxa4 19. Qxa4 Bc6 20. Qa2 Bd5 21. Nd2 Rb8 22. Bxd5 Nxd5 23. Nc4 Qxb3 24. Qxa5 Ra8 25. Qd2 Ra2 26. e4 Nb4 27. Rc3 Qa4 28. Qe2 Rd4 29. Ra3 Rxa3 30. Nxa3 Rd8 31. Nc4 Nc6 32. Ra1 Qb3 33. Qg4 Nd4 34. Ra7 Bf6 35. e5 Bg5 36. h4 Qxd3 37. hxg5 Qxc4 38. Bxd4 Qxd4 39. Qh3 Qxe5 40. gxh6 1-0


[Site "https://www.chess.com"]

[Event "Titled Tuesday Blitz May 30 Late 2023"]
[White "Dragomirescu, Calin"]
[Black "Moral Garcia, Serafin"]
[WhiteFideId "1200895"]
[BlackFideId "2201925"]
[WhiteElo "2010"]
[BlackElo "2274"]
[Result "0-1"]
[Round "03"]
[TimeControl "180+2"]
[Date "2023.05.31"]
[WhiteClock "0:02:11"]
[BlackClock "0:01:41"]

1. d4 Nf6 2. Nf3 g6 3. c4 Bg7 4. Nc3 d5 5. cxd5 Nxd5 6. e4 Nxc3 7. bxc3 c5 8. Rb1 O-O 9. Be2 Nc6 10. d5 Ne5 11. Nxe5 Bxe5 12. Bd2 Qd6 13. g3 f5 14. f4 Bg7 15. exf5 Bxf5 16. Rxb7 Qxd5 17. Bf3 Be4 18. Rd7 Qxd7 19. Bxe4 Rab8 20. O-O Rfd8 21. Be3 Qxd1 0-1


[Site "https://www.chess.com"]

[Event "Titled Tuesday Blitz May 30 Late 2023"]
[White "Chyngyz, Sultai"]
[Black "Garakov, Mikhael"]
[WhiteFideId "13803158"]
[BlackFideId "4169034"]
[WhiteElo "1408"]
[BlackElo "2347"]
[Result "0-1"]
[Round "03"]
[TimeControl "180+2"]
[Date "2023.05.31"]
[WhiteClock "0:01:59"]
[BlackClock "0:02:12"]

1. e4 c5 2. Nf3 e6 3. d4 cxd4 4. Nxd4 Nc6 5. Nc3 Qc7 6. a3 a6 7. Be3 Nf6 8. Be2 Be7 9. O-O O-O 10. Qd2 d6 11. Rad1 Bd7 12. Nb3 b5 13. f3 Rac8 14. Qe1 Ne5 15. Nd2 Qb7 16. Qf2 a5 17. Bd4 b4 18. axb4 axb4 19. Bxe5 dxe5 20. Ncb1 Bc5 0-1


[Site "https://www.chess.com"]

[Event "Titled Tuesday Blitz May 30 Late 2023"]
[White "Tissir, Mohamed"]
[Black "Ardila, Oscar Humberto"]
[WhiteFideId "9000240"]
[BlackFideId "4404742"]
[WhiteElo "2458"]
[BlackElo "1918"]
[Result "1-0"]
[Round "03"]
[TimeControl "180+2"]
[Date "2023.05.31"]
[WhiteClock "0:00:13"]
[BlackClock "0:00:05"]

1. e4 e5 2. Nf3 Nc6 3. Bc4 Nf6 4. d3 Bc5 5. c3 d6 6. Bb3 O-O 7. Nbd2 Ne7 8. Nf1 Ng6 9. Ng3 c6 10. O-O a5 11. a4 Qe7 12. h3 Be6 13. d4 exd4 14. cxd4 Bb4 15. Nf5 Qd7 16. Ng3 Rfe8 17. d5 cxd5 18. exd5 Bf5 19. Nxf5 Qxf5 20. Be3 Nf4 21. Bxf4 Qxf4 22. Qd3 Re4 23. Rac1 Rae8 24. Rc7 b6 25. Bc4 h6 26. b3 Bc5 27. Bb5 R4e7 28. Rxc5 bxc5 29. Bxe8 Rxe8 30. Qa6 Rb8 31. Qxa5 Rxb3 32. Qd8+ Kh7 33. a5 Nxd5 34. a6 Rxf3 35. a7 Ra3 36. a8=Q Rxa8 37. Qxa8 Qg5 38. Rd1 Nf4 39. Qf3 d5 40. Kh2 d4 41. g3 Ng6 42. Qxf7 Qh5 43. Rc1 Qe5 44. Qc4 Qf6 45. Qc2 h5 46. h4 Kh6 47. Kg2 Ne5 48. Qe4 d3 49. Rxc5 d2 50. Rd5 Ng4 51. Rxd2 g6 52. f3 Qc3 53. Qf4+ Kg7 54. fxg4 hxg4 55. Qd4+ Qxd4 56. Rxd4 1-0


[Site "https://www.chess.com"]

[Event "Titled Tuesday Blitz May 30 Late 2023"]
[White "ElDivis"]
[Black "Leschinsky, Gary"]
[BlackFideId "30951321"]
[WhiteElo "2524"]
[BlackElo "1855"]
[Result "1-0"]
[Round "03"]
[TimeControl "180+2"]
[Date "2023.05.31"]
[WhiteClock "0:01:02"]
[BlackClock "0:00:18"]

1. e4 c5 2. Nc3 Nc6 3. f4 g6 4. Nf3 Bg7 5. Bc4 e6 6. f5 Nge7 7. fxe6 dxe6 8. d3 O-O 9. Be3 Nd4 10. Qd2 a6 11. O-O-O b5 12. Bb3 Nec6 13. Bh6 a5 14. h4 a4 15. h5 axb3 16. Bxg7 bxa2 17. Nxa2 Rxa2 18. Qh6 Qa5 19. c3 Nb3+ 20. Kc2 Qa4 21. Bxf8 Nbd4+ 22. Kd2 Qc2+ 23. Ke3 Qe2+ 24. Kf4 e5+ 25. Kg3 Ne6 26. hxg6 Rxb2 27. gxh7+ Kh8 28. Qf6+ 1-0


[Site "https://www.chess.com"]

[Event "Titled Tuesday Blitz May 30 Late 2023"]
[White "Andreassen, Lars"]
[Black "Petukhov, Dmitry"]
[WhiteFideId "1504878"]
[BlackFideId "4142748"]
[WhiteElo "2119"]
[BlackElo "2311"]
[Result "0-1"]
[Round "03"]
[TimeControl "180+2"]
[Date "2023.05.31"]
[WhiteClock "0:00:11"]
[BlackClock "0:01:04"]

1. d4 Nf6 2. Nf3 g6 3. c4 Bg7 4. Nc3 d5 5. cxd5 Nxd5 6. Na4 O-O 7. e4 Nb6 8. Nc5 N6d7 9. Nd3 c5 10. Be3 Nc6 11. d5 Nd4 12. Be2 Nxe2 13. Qxe2 c4 14. Nf4 c3 15. Bd4 cxb2 16. Bxb2 Qa5+ 17. Kf1 b6 18. Bxg7 Ba6 19. Nd3 Nc5 20. Nfe1 Kxg7 21. Kg1 Qc3 22. Rd1 e6 23. Qb2 Qxb2 24. Nxb2 Nxe4 25. dxe6 fxe6 26. f3 Nc3 27. Rd7+ Rf7 28. Rxf7+ Kxf7 29. Kf2 Rd8 30. Ke3 Nd1+ 31. Nxd1 Rxd1 32. h4 h5 33. g4 Ra1 34. gxh5 gxh5 35. Rg1 Rxa2 36. Rg5 Re2+ 0-1


[Site "https://www.chess.com"]

[Event "Titled Tuesday Blitz May 30 Late 2023"]
[White "Souza, Adwilhans Luciano"]
[Black "Aggelis, Nikolaos"]
[WhiteFideId "2101793"]
[BlackFideId "4213220"]
[WhiteElo "2288"]
[BlackElo "2189"]
[Result "1/2-1/2"]
[Round "03"]
[TimeControl "180+2"]
[Date "2023.05.31"]
[WhiteClock "0:00:13"]
[BlackClock "0:00:14"]

1. e4 c6 2. d4 d5 3. Nc3 dxe4 4. Nxe4 Nf6 5. Nxf6+ exf6 6. Be2 Bd6 7. Bf3 O-O 8. Ne2 Qc7 9. g3 Bh3 10. c4 Re8 11. Be3 Bb4+ 12. Bd2 Bxd2+ 13. Qxd2 Nd7 14. O-O-O Rad8 15. Qf4 Qa5 16. Nc3 Nb6 17. d5 Qc5 18. dxc6 bxc6 19. Rxd8 Rxd8 20. Rd1 Rxd1+ 21. Nxd1 g5 22. Qxf6 Qxc4+ 23. Kd2 Qb4+ 24. Qc3 Qd6+ 25. Kc1 Nd5 26. Qd2 h6 27. Nc3 Be6 28. Qd4 a5 29. a3 Qd8 30. Ne4 Bf5 31. Nc5 Qe7 32. Be4 Bxe4 33. Nxe4 f5 34. Nd2 Kh7 35. Kd1 Qb7 36. Kc2 Qe7 37. Qd3 Kg6 38. Nc4 Qc5 39. Kd1 Qe7 40. g4 Qe6 41. gxf5+ Qxf5 42. Ne5+ Kf6 43. Qxf5+ Kxf5 44. Nxc6 a4 45. b3 axb3 46. a4 Ke4 47. Kc1 Kf3 48. a5 Nc7 49. Nb4 Kxf2 50. a6 Nxa6 51. Nxa6 Kg2 52. Nc5 Kxh2 53. Nxb3 g4 54. Nd4 g3 55. Nf3+ Kh1 56. Kd2 g2 57. Ke3 h5 58. Kf2 h4 59. Ng1 Kh2 60. Nf3+ Kh1 61. Ng1 Kh2 62. Nf3+ Kh1 1/2-1/2


[Site "https://www.chess.com"]

[Event "Titled Tuesday Blitz May 30 Late 2023"]
[White "Magallanes, Rey Jomar"]
[Black "Koc, Przemyslaw"]
[WhiteFideId "5205948"]
[BlackFideId "1109081"]
[WhiteElo "2248"]
[BlackElo "2161"]
[Result "1/2-1/2"]
[Round "03"]
[TimeControl "180+2"]
[Date "2023.05.31"]
[WhiteClock "0:00:22"]
[BlackClock "0:00:20"]

1. e4 d6 2. d4 Nf6 3. Nc3 e5 4. dxe5 dxe5 5. Qxd8+ Kxd8 6. Bg5 Be6 7. O-O-O+ Bd6 8. Nf3 Nd7 9. Bb5 Kc8 10. Bxd7+ Nxd7 11. Nd5 f6 12. Be3 Rd8 13. h4 Nb6 14. h5 Nxd5 15. exd5 Bg4 16. h6 g5 17. Rd2 Bxf3 18. gxf3 Be7 19. c4 b6 20. Re2 Kd7 21. Rhe1 Bb4 22. Rd1 Bc5 23. Bd2 Rg8 24. b4 Bd6 25. Be3 a5 26. c5 bxc5 27. bxc5 Be7 28. d6 cxd6 29. cxd6 Bd8 30. Rc2 Ra6 31. Bc5 Rc6 32. Rd3 g4 33. Rb3 gxf3 34. Rb7+ Ke6 35. Rxh7 Rg1+ 36. Kb2 Rh1 37. Rh8 Bb6 38. Re8+ Kf5 39. d7 Rxh6 40. Bxb6 Rxb6+ 41. Ka3 Rd6 42. d8=Q Rxd8 43. Rxd8 Rh2 44. Ka4 e4 45. Rd5+ Kf4 46. Rd4 f5 47. Kxa5 Rh1 48. a4 Re1 49. Kb5 Re2 50. Rdd2 Rxd2 51. Rxd2 e3 52. fxe3+ Kxe3 53. Rd1 Ke2 54. Rb1 f2 55. a5 f1=Q 56. Rxf1 Kxf1 57. a6 f4 58. a7 f3 59. a8=Q f2 60. Qh1+ Ke2 61. Qg2 Ke1 62. Qe4+ Kf1 63. Kc4 Kg1 64. Qg4+ Kh2 65. Qh4+ Kg2 66. Qg4+ Kh1 67. Qe2 Kg1 68. Qg4+ Kh1 69. Qh3+ Kg1 70. Qg3+ Kh1 71. Qf3+ Kg1 72. Qe3 Kg2 73. Qe4+ Kg1 74. Qd4 Kg2 75. Qd2 Kg1 76. Kd4 f1=Q 77. Ke3 Qh3+ 78. Kd4 Qg4+ 79. Kc3 Qg3+ 80. Qd3 Qxd3+ 81. Kxd3 1/2-1/2


[Site "https://www.chess.com"]

[Event "Titled Tuesday Blitz May 30 Late 2023"]
[White "Clawitter, Craig"]
[Black "Prem, Pranav"]
[WhiteFideId "2023105"]
[BlackFideId "30901057"]
[WhiteElo "2221"]
[BlackElo "1970"]
[Result "0-1"]
[Round "03"]
[TimeControl "180+2"]
[Date "2023.05.31"]
[WhiteClock "0:00:13"]
[BlackClock "0:01:39"]

1. e4 c5 2. Nf3 d6 3. d4 cxd4 4. Nxd4 Nf6 5. Nc3 a6 6. Be3 e5 7. Nb3 Be6 8. f3 Be7 9. Qd2 Nbd7 10. g4 b5 11. O-O-O Nb6 12. Na5 Qc7 13. g5 Nfd7 14. Nd5 Bxd5 15. exd5 Rc8 16. Kb1 Nxd5 17. Qxd5 Qxa5 18. c4 O-O 19. cxb5 axb5 20. Bxb5 Nc5 21. Bc4 Qb4 22. Rc1 Na4 23. Qd2 Rxc4 0-1


[Site "https://www.chess.com"]